 Dungeon Crawl Stone Soup version 0.27-a0-1081-ge8a0a9c698 (webtiles) character file.

Game seed: 10418810541459462965

1472 gimp the Chopper (level 8, -3/61 HPs)
             Began as a Djinni Fighter on Apr 25, 2021.
             Slain by Prince Ribbit (16 damage)
             ... on level 5 of the Dungeon.
             The game lasted 00:09:12 (6311 turns).

gimp the Chopper (Djinni Fighter)                   Turns: 6311, Time: 00:09:13

Health: -3/61      AC:  7    Str: 17    XL:     8   Next: 78%
Gold:   152        EV:  7    Int: 11    God:
                   SH: 10    Dex: 12

rFire    + + .     SeeInvis .   b - +1 hand axe (elec)
rCold    . . .     Faith    .   c - +0 kite shield
rNeg     + . .     Spirit   .   h - +0 scale mail
rPois    ∞         Reflect  .   e - +0 helmet
rElec    .         Harm     .   (no cloak)
rCorr    .         Rampage  .   (no gloves)
Will     .....                  (boots unavailable)
Stlth    ..........             f - amulet of the acrobat
HPRegen  0.20/turn              i - ring of protection from cold
MPRegen  0.00/turn              m - ring of positive energy

@: flying
A: fire resistance 2, cold vulnerability 1, float, innate caster, hp casting,
extra vitality 1
a: no special abilities


You were on level 5 of the Dungeon.
You visited 1 branch of the dungeon, and saw 5 of its levels.

You collected 152 gold pieces.

Inventory:

Hand Weapons
 a - a +0 war axe
 b - a +1 hand axe of electrocution (weapon)
Missiles
 k - 14 poisoned darts (quivered)
Armour
 c - a +0 kite shield (worn)
 e - a +0 helmet (worn)
 h - a +0 scale mail (worn)
 j - a +2 hat
Jewellery
 f - an amulet of the acrobat (around neck)
 i - a ring of protection from cold (left hand)
 m - a ring of positive energy (right hand)
Wands
 n - a wand of charming (10)
Potions
 d - a potion of curing
 g - a potion of lignification {unknown}
 l - a potion of berserk rage {unknown}
 o - a potion of resistance


   Skills:
 + Level 6.0 Fighting
 * Level 6.4 Axes
 - Level 3.0 Armour
 + Level 6.0 Shields


You had one spell level left.
You knew the following spells:

 Your Spells              Type           Power      Damage    Failure   Level
a - Foxfire               Conj/Fire      0%         2x1d4     98%         1
b - Wereblood             Tmut           0%         N/A       99%         2
c - Call Canine Familiar  Summ           0%         N/A       100%        3
Your spell library was empty.


Dungeon Overview and Level Annotations

Branches:
Dungeon (5/15)
 Temple: D:4-7

Altars:
Dithmenos
Fedhas

Shops:
D:2 (

Annotations:
D:5 Prince Ribbit


Innate Abilities, Weirdness & Mutations

You are immune to poison.
Your flesh is very heat resistant. (rF++)
You are vulnerable to cold. (rC-)
You float through the air rather than walking.
You learn spells naturally, not from books.
Your magical power is your life essence.
You have superior vitality. (+4 HP)


Message History

You take 7 damage, and have 42/61 hp.
You slash Prince Ribbit!
Prince Ribbit is moderately wounded.
Prince Ribbit closely misses you.
Prince Ribbit blinks!
Prince Ribbit hops awkwardly around.
Prince Ribbit misses you.
Prince Ribbit catches a small bird with his tongue.
Prince Ribbit blinks!
Prince Ribbit blinks!
No target in view!
No target in view!
You start resting.
Prince Ribbit is nearby!
Throw: 15 darts (poison)
Press: ? - help, Q - select action, (/) - cycle Shift-Dir - straight line, f - Prince Ribbit
Aim: Prince Ribbit (lightly wounded, 39% to hit)
You throw a poisoned dart.
The poisoned dart barely misses Prince Ribbit.
You hit Prince Ribbit.
Prince Ribbit is moderately wounded.
Prince Ribbit hits you. x2
You take 5 damage, and have 39/61 hp.
You closely miss Prince Ribbit.
Prince Ribbit is moderately wounded.
Prince Ribbit catches a baby bat with his tongue.
Prince Ribbit hits you but does no damage.
Prince Ribbit hops awkwardly around.
Prince Ribbit hits you.
You take 4 damage, and have 35/61 hp.
You slash Prince Ribbit!
Prince Ribbit is heavily wounded.
Prince Ribbit hits you!
You take 11 damage, and have 24/61 hp.
You are too injured to fight recklessly!
You miss Prince Ribbit.
Prince Ribbit is heavily wounded.
Prince Ribbit hits you!
* * * LOW HITPOINT WARNING * * *
Prince Ribbit hits you!
You die...

...
.≈....≈≈.§...## #
.....≈..≈≈.!≈...#
#
......≈≈....≈...##
#
#.........≈≈.....#
.....≈≈....#..#
#≈≈≈≈≈≈###.# ..#
##≈≈≈≈###(## ...
######..F## ...
#....@## #.
##.....# #
##....## .## ##
##....## ...###.
##....# #..#..
##...## #....
#....## #....
##....# #....
##...## ###..


You could see Prince Ribbit.

Vanquished Creatures
  Sigmund (D:5)
  Edmund (D:3)
  An orc warrior (D:5)
  An ice beast (D:5)
  A sky beast (D:5)
  2 necrophages (D:4)
  A centaur (D:5)
  2 ogres
  A water moccasin skeleton (D:5)
  A bullfrog zombie (D:5)
  A jelly (D:5)
  3 hounds (D:4)
  An iguana (D:5)
  3 orc wizards
  A hound skeleton (D:5)
  6 adders
  A shadow imp (D:5)
  A dart slug (D:4)
  8 orcs
  8 endoplasms
  2 giant cockroaches (D:1)
  5 goblins
  9 hobgoblins
  6 jackals
  8 quokkas
  4 ball pythons
  4 bats
  2 frilled lizards (D:2)
  6 kobolds
  A rat (D:1)
92 creatures vanquished.

Vanquished Creatures (collateral kills)
  An orc wizard (D:5)
  An orc (D:5)
2 creatures vanquished.

Vanquished Creatures (others)
  An orc warrior (D:5)
1 creature vanquished.

Grand Total: 95 creatures vanquished

Notes
Turn   | Place    | Note
-------+----------+-------------------------------------------
     0 | D:1      | gimp the Djinni Fighter began the quest for the Orb.
     0 | D:1      | Reached XP level 1. HP: 20/20 MP: 0/0
   311 | D:1      | Reached XP level 2. HP: 24/25 MP: 0/0
   935 | D:2      | Found Ischyenn's Antique Weapon Emporium.
  1027 | D:2      | Reached XP level 3. HP: 25/30 MP: 0/0
  1027 | D:2      | Learned a level 1 spell: Foxfire
  1150 | D:2      | Found a faded altar of an unknown god.
  1520 | D:2      | Found a blossoming altar of Fedhas.
  1921 | D:3      | Reached XP level 4. HP: 22/35 MP: 0/0
  2571 | D:3      | Reached XP level 5. HP: 10/41 MP: 0/0
  2571 | D:3      | Learned a level 2 spell: Wereblood
  2887 | D:4      | Noticed a necrophage
  2896 | D:4      | Killed a necrophage
  3023 | D:4      | Reached XP level 6. HP: 37/47 MP: 0/0
  3670 | D:4      | Found a transporter.
  3732 | D:4      | Noticed a necrophage
  3744 | D:4      | Killed a necrophage
  3745 | D:4      | Reached XP level 7. HP: 38/53 MP: 0/0
  3745 | D:4      | Learned a level 3 spell: Call Canine Familiar
  3834 | D:4      | Found a transporter.
  4218 | D:5      | Entered Level 5 of the Dungeon
  4218 | D:5      | Noticed Edmund
  4544 | D:3      | Killed Edmund
  4750 | D:5      | Noticed Sigmund
  4764 | D:5      | Reached skill level 5 in Fighting
  4764 | D:5      | Reached skill level 5 in Axes
  4764 | D:5      | Reached skill level 5 in Shields
  4771 | D:5      | Killed Sigmund
  4772 | D:5      | Reached XP level 8. HP: 22/59 MP: 0/0
  5034 | D:5      | Found a shadowy altar of Dithmenos.
  6291 | D:5      | Noticed Prince Ribbit
  6311 | D:5      | Slain by Prince Ribbit

Illustrated notes

Levels and vault maps discovered:
D:1:      wander_arrival_chamber, layout_basic, corexii_item_surrounded_by_moat,
          lemuel_another_geyser
D:2:      layout_loops_ring, hellmonk_ecumenical_altar_lost_god, serial_shops,
          shop, basic_altar
D:3:      layout_basic, hangedman_decor_riveting, grunt_decor_fettered,
          serial_bayou_ford_a, kennysheep_generic_room_8
D:4:      gammafunk_cloud_chamber, layout_rooms, grunt_ministairs_3
D:5:      cheibrodos_helix_gallery, layout_cave_pods,
          nicolae_dithmenos_shadow_blocks, uniq_sigmund, uniq_prince_ribbit1,
          uniq_edmund

Skill      XL: |  1  2  3  4  5  6  7  8 |
---------------+-------------------------+-----
Axes           | 2 3 4 5 6 |  6.4
Fighting       | 4 5 6 |  6.0
Shields        | 4 5 6 |  6.0
Armour         | |  3.0

Action                   |  1- 3 |  4- 6 |  7- 9 || total
-------------------------+-------+-------+-------++-------
Melee: War axe           |    99 |   126 |    58 ||   283
       Hand axe          |       |       |    50 ||    50
Throw: Dart              |       |     3 |    12 ||    15
Evoke: Wand              |       |       |     2 ||     2
  Use: Scroll            |     5 |     1 |       ||     6
       Potion            |       |       |     5 ||     5
Armor: Scale mail        |    61 |    64 |    56 ||   181
Dodge: Dodged            |    37 |    45 |    46 ||   128
Block: Kite shield       |    57 |    77 |    79 ||   213

Table legend: (Time is in decaauts)
 A = Elapsed time spent in this place.
 B = Non-inter-level travel time spent in this place.
 C = Inter-level travel time spent in this place.
 D = Time resting spent in this place.
 E = Time spent auto-exploring this place.
 F = Levels seen in this place.
 G = Mean time per level.
                   A        B        C        D        E       F      G
               +--------+--------+--------+--------+--------+-----+--------+
         Total |   6484 |   6230 |    254 |    306 |   4773 |   5 | 1296.8 |
       Dungeon |   6484 |   6230 |    254 |    306 |   4773 |   5 | 1296.8 |
               +--------+--------+--------+--------+--------+-----+--------+

Top non-repeatable levels by time:
     D:4: 1921 daAuts
     D:3: 1681 daAuts
     D:5: 1194 daAuts
     D:1: 951 daAuts
     D:2: 735 daAuts
